AoeStats
← ivcrk826

Arabia

505817631Analyzed
1v1 RM · 21d ago on Sep 11, 2026· 37m 10s· 2 players
Game mode
Random Map
Map size
Tiny (2 player)
Population
200
Speed
Normal
Resources
Standard
Victory
Conquest
Starting age
Dark Age
Ending age
Imperial Age
RankedLock teamsTeams togetherTeam positionsShared explorationLock speedFull tech treeHidden civsTurbo modeCheats
Victory
Defeat
🇦🇷 Cumans · Argentina
1174
+15
🇩🇪 Mongols · Germany
1162
-15
AngryLemontree
5:51 Loom
9:02 Feudal Age
12:42 Fletching
19:17 Double-Bit Axe
26:46 Castle Age
26:31 Horse Collar
27:08 Padded Archer Armor
26:59 Crossbowman
28:40 Town Watch
28:56 Bodkin Arrow
ivcrk826
6:19 Loom
9:20 Feudal Age
9:57 Double-Bit Axe
10:19 Man-at-Arms
23:21 Fletching
30:07 Castle Age
30:25 Scale Barding Armor
30:36 Bloodlines
Connection lost

Rejoining the realm…

Still unreachable

The connection could not be restored.

Session expired

The server has moved on; the page needs a fresh start.